 Dungeon Crawl Stone Soup version 0.20-a0-1039-gf554463 (webtiles) character file.

23 alfred1011 the Sneak (level 2, 0/15 HPs)
             Began as a Spriggan Assassin on Apr 22, 2017.
             Slain by a jackal (1 damage)
             ... on level 3 of the Dungeon.
             The game lasted 00:04:49 (1461 turns).

alfred1011 the Sneak (Spriggan Assassin)            Turns: 1461, Time: 00:04:49

Health: 0/15       AC:  3    Str:  7    XL:     2   Next: 72%
Magic:  3/3        EV: 17    Int: 12    God:
Gold:   117        SH:  0    Dex: 17    Spells: 1/1 levels left

rFire    . . .     SeeInvis +   a - +2 dagger
rCold    . . .     Gourm    .   (shield restricted)
rNeg     . . .     Faith    .   c - +0 robe
rPois    .         Spirit   .   (helmet restricted)
rElec    .         Reflect  .   d - +0 cloak
rCorr    .         Harm     .   (gloves unavailable)
MR       .....                  (boots unavailable)
Stlth    +++.......             (no amulet)
Regen    0.1/turn               (no ring)
MPRegen  0.1/turn               (no ring)

@: very quick
A: unfitting armour, see invisible, herbivore 3, speed 3, slow metabolism 2
a: no special abilities


You were on level 3 of the Dungeon.
You were not hungry.

You visited 1 branch of the dungeon, and saw 4 of its levels.

You collected 117 gold pieces.

Inventory:

Hand Weapons
 a - a +2 dagger (weapon)
 b - a +0 blowgun
Missiles
 e - 8 poisoned needles
 f - 2 curare-tipped needles
 h - 32 stones (quivered)
Armour
 c - a +0 robe (worn)
 d - a +0 cloak (worn)
Scrolls
 j - 2 scrolls of recharging {unknown}
 o - 2 scrolls of magic mapping {unknown}
 q - 2 scrolls of immolation {unknown}
Potions
 i - a potion of degeneration {unknown}
 l - 2 potions of flight {unknown}
 m - a potion of heal wounds {unknown}
 n - 3 potions of mutation {unknown}
 p - a potion of resistance {unknown}
 r - 2 potions of agility {unknown}
Comestibles
 g - a bread ration
 k - a royal jelly


   Skills:
 + Level 1.9 Fighting
 + Level 2.5 Short Blades
 + Level 2.0 Throwing
 + Level 2.2 Dodging
 + Level 6.2 Stealth


You had one spell level left.
You didn't know any spells.

Dungeon Overview and Level Annotations

Branches:
Dungeon (4/15)
 Temple: D:4-7

Altars:


Innate Abilities, Weirdness & Mutations

You are very small and have problems with some larger weapons.
You are too small for most types of armour.
You have supernaturally acute eyesight. (SInv)
You are a herbivore.
You cover ground extremely quickly.
You need consume almost no food.


Message History

You are too injured to fight recklessly!
The hound bites you.
* * * LOW HITPOINT WARNING * * *
The hound misses you.
A jackal comes into view.
Found a fizzy sapphire potion.
The hound closely misses you.
The hound pauses to sniff the ground.
The hound bites you.
* * * LOW HITPOINT WARNING * * *
A kobold comes into view.
A kobold comes into view.
The kobold shouts!
The hound barely misses you.
The kobold throws a stone.
The stone misses you. The hound completely misses you.
The kobold throws a stone.
The stone hits you.
* * * LOW HITPOINT WARNING * * *
You see here a stone.
The jackal bites you.
You die...

#......##....!.#.
#.......h.#......
####.####...####.
#..######......
#.##......####.
##########.##.######
##. .........#.....##
#..
##.............######.#
#...K.@h........##....#
#...K.(.........##.####
#......h........##.#
#...............#..#
#...............#.####
##...................#
##.....#.....#......#
#############....>.##
#........


You could see a hound, a jackal and 2 kobolds.

Vanquished Creatures
  A dart slug (D:1)
  A leopard gecko (D:1)
  A bat (D:1)
  A giant cockroach (D:1)
  4 hobgoblins (D:1)
  A frilled lizard (D:1)
  5 goblins (D:1)
  4 kobolds (D:1)
18 creatures vanquished.

Notes
Turn   | Place    | Note
-------+----------+-------------------------------------------
     0 | D:1      | alfred1011 the Spriggan Assassin began the quest for the Orb.
     0 | D:1      | Reached XP level 1. HP: 10/10 MP: 2/2
   156 | D:1      | Reached skill level 6 in Stealth
   359 | D:1      | Reached XP level 2. HP: 5/15 MP: 3/3
  1350 | D:2      | You fall through a shaft for 2 floors!
  1354 | D:4      | Noticed a phantom
  1360 | D:4      | Noticed a scorpion
  1461 | D:3      | Slain by a jackal

Vault maps used:
D:1:      shiori_shiawase
D:2:      first_bread, minmay_misc_feat_enclosed, uniq_jessica, uniq_sigmund
D:3:      lemuel_coloured_pillars_altar, minmay_vboxes, uniq_crazy_yiuf_cottage

Skill      XL: |  1  2 |
---------------+-------+-----
Stealth        | 6 |  6.2
Dodging        | 2 |  2.2
Fighting       | |  1.9
Short Blades   | |  2.5
Throwing       | |  2.0

Action                   || total
-------------------------++-------
Melee: Dagger            ||    70
 Fire: Blowgun           ||     1
Throw: Stone             ||     3
 Stab: Sleeping          ||     4
Armor: Robe              ||     4
Dodge: Dodged            ||    43
